[Event "Sunday 22 April 2nd Tour 7+2 rounds 9 Starts 2200ST"]
[Site "Infinity Chess"]
[Date "2018.4.22"]
[Round "3"]
[White "ocirema"]
[Black "Deep_Impact"]
[Result "1/2-1/2"]
[ECO "C50"]
[WhiteElo "2496"]
[BlackElo "2549"]
[WhiteEngine "stockfish_18041820_x64_modern_CTG"]
[BlackEngine "BrainFish_180411_x64_bmi2"]
[EventType "Swiss"]
[WhiteTeam ""]
[BlackTeam ""]
[PlyCount "107"]
[TimeControl "420+2"]

1. e4 e5 2. Nf3 Nc6 3. Bc4 Bc5 4. O-O Nf6 5. d3 d6 6. c3 a5 7. Re1 Ba7 
8. Nbd2 O-O 9. Nf1 Be6 10. Bb5 Ne7 11. d4 exd4 12. Nxd4 Ng6 13. Ba4 h6 
14. Be3 Bc8 15. Bc2 Ng4 16. f3 Nxe3 17. Nxe3 b5 18. Kh1 Bd7 19. a4 b4 20. g3 Re8 
21. f4 Ne7 22. Nc4 Rb8 23. Qd3 bxc3 24. bxc3 g6 25. Ne3 Bc5 26. Bb3 Kg7 
27. Qc4 Rf8 28. Rab1 Nc6 29. Qd3 h5 30. Nf3 Ne7 31. Nc2 Nc6 32. Ncd4 Nxd4 
33. cxd4 Ba7 34. Bd5 Rxb1 35. Rxb1 Bxa4 36. Ng5 Be8 37. h4 Qe7 38. Rf1 c6 
39. Bb3 Bd7 40. f5 f6 41. Ne6+ Bxe6 42. Bxe6 d5 43. Re1 dxe4 44. Rxe4 Qb4 
45. Qe3 Qb1+ 46. Kh2 a4 47. Bd7 Rf7 48. Be8 Qb2+ 49. Kh3 Qa1 50. Kg2 Qa2+ 
51. Kh3 Qb1 52. Kh2 Qb2+ 53. Kh3 Qb1 54. Kh2 1/2-1/2

[Event "Sunday 22 April 2nd Tour 7+2 rounds 9 Starts 2200ST"]
[Site "Infinity Chess"]
[Date "2018.4.22"]
[Round "3"]
[White "TAIPAN54"]
[Black "Murx"]
[Result "1/2-1/2"]
[ECO "D31"]
[WhiteElo "2551"]
[BlackElo "2566"]
[WhiteEngine "Raubfisch ME262_GTZ17b1_CTG"]
[BlackEngine "asmFishW_2018-04-07_popcnt"]
[EventType "Swiss"]
[WhiteTeam ""]
[BlackTeam ""]
[PlyCount "114"]
[TimeControl "420+2"]

1. d4 d5 2. c4 e6 3. Nc3 c6 4. e3 Nf6 5. Nf3 Nbd7 6. Qc2 Bd6 7. Bd3 dxc4 
8. Bxc4 O-O 9. O-O a6 10. a4 c5 11. b3 cxd4 12. exd4 b6 13. Ne4 Nxe4 
14. Qxe4 Ra7 15. Ne5 Rc7 16. Qe2 a5 17. Bb5 Nxe5 18. dxe5 Bc5 19. Qg4 Qd4 
20. Bf4 Qe4 21. Rad1 Qg6 22. Qxg6 hxg6 23. Rd3 Bb7 24. Rc1 Bd5 25. Kf1 Rcc8 
26. Ba6 Ra8 27. Bc4 Bxc4 28. Rxc4 Rfd8 29. Rd2 Kf8 30. Ke2 Ke8 31. g3 Rxd2+ 
32. Bxd2 Kd7 33. Rc3 Kc6 34. Rd3 Rb8 35. Kf3 Rh8 36. h4 Rg8 37. Be3 Rb8 
38. Bxc5 Kxc5 39. Ke3 b5 40. axb5 Rxb5 41. f4 Rb4 42. g4 Rb8 43. Rc3+ Kb4 
44. Rc7 Kxb3 45. Rxf7 a4 46. Rxg7 a3 47. Ra7 a2 48. h5 gxh5 49. gxh5 Kb2 
50. f5 exf5 51. h6 f4+ 52. Kf2 f3 53. e6 a1=Q 54. Rxa1 Kxa1 55. Kxf3 Re8 
56. h7 Kb2 57. e7 Kc3 1/2-1/2

[Event "Sunday 22 April 2nd Tour 7+2 rounds 9 Starts 2200ST"]
[Site "Infinity Chess"]
[Date "2018.4.22"]
[Round "2"]
[White "MedusaV3"]
[Black "Dovahkiin"]
[Result "1/2-1/2"]
[ECO "D00"]
[WhiteElo "2411"]
[BlackElo "2428"]
[WhiteEngine "Eman 1.70-beta23 64-bit BMI2_CTG"]
[BlackEngine "BrainFish_180418_x64_modern_CTG"]
[EventType "Swiss"]
[WhiteTeam ""]
[BlackTeam ""]
[PlyCount "210"]
[TimeControl "420+2"]

1. d4 d5 2. e3 Nf6 3. c4 e6 4. Nf3 Be7 5. Be2 O-O 6. O-O dxc4 7. Bxc4 c5 
8. dxc5 Bxc5 9. Qe2 Nc6 10. Nc3 e5 11. Ng5 Qe7 12. Nge4 Bf5 13. Qf3 Bg6 
14. Nxf6+ Qxf6 15. Qxf6 gxf6 16. a3 Rac8 17. Rd1 Rfd8 18. Rxd8+ Rxd8 19. b4 Bf8 
20. Bb2 a5 21. b5 Ne7 22. Rd1 Rxd1+ 23. Nxd1 Nc8 24. Bd5 Nd6 25. Nc3 Bd3 
26. a4 f5 27. Ba3 b6 28. Bxd6 Bxd6 29. Bb3 Kg7 30. Nd1 f4 31. exf4 exf4 
32. Nc3 Bf5 33. Nd5 Be6 34. Kf1 f3 35. Kg1 fxg2 36. Kxg2 Bc5 37. Kf3 Kh6 
38. h4 Bf5 39. Kf4 Bb1 40. Ne3 Kg6 41. Kf3 Bd4 42. Kf4 f6 43. Kf3 f5 
44. Nd5 Be4+ 45. Kg3 Kh6 46. Ne7 Be5+ 47. Kh3 Bd6 48. Nd5 Bc5 49. Kg3 Bd4 
50. Ne3 Bb1 51. Nd5 Be5+ 52. Kh3 Bd3 53. Ne3 Kg7 54. Kg2 Bd4 55. Nd5 Be4+ 
56. f3 Bxd5 57. Bxd5 Be5 58. Be6 Kf6 59. Bd7 Bd6 60. Kf2 Ke5 61. Ke3 Bc5+ 
62. Kd2 Bf2 63. h5 Kf4 64. Kd3 Ke5 65. Ke2 Bd4 66. Kd3 Bc5 67. Kc4 Bg1 
68. Kc3 Kf4 69. Kc4 Ke5 70. Bc6 Kd6 71. Bd5 Be3 72. Bg8 h6 73. Kd3 Bf4 
74. Bh7 Ke5 75. Bg6 Bg3 76. Bf7 Kf6 77. Be8 Ke6 78. Kd4 Bf2+ 79. Kc4 Bc5 
80. Bc6 Bd6 81. Kd3 Ba3 82. Bb7 Ke5 83. Ke3 Bc5+ 84. Ke2 Kd4 85. Bc8 f4 
86. Kd2 Kc4 87. Bf5 Bb4+ 88. Kc2 Bc3 89. Kd1 Kb3 90. Bc2+ Kb2 91. Bf5 Kb3 
92. Bc2+ Kb2 93. Be4 Bb4 94. Bh7 Ka3 95. Bc2 Bd6 96. Ke2 Kb2 97. Kd3 Bf8 
98. Bd1 Kc1 99. Be2 Bd6 100. Kd4 Bf8 101. Ke4 Kd2 102. Bf1 Kc3 103. Be2 Kd2 
104. Bf1 Kc3 105. Be2 Kd2 1/2-1/2

[Event "Sunday 22 April 2nd Tour 7+2 rounds 9 Starts 2200ST"]
[Site "Infinity Chess"]
[Date "2018.4.22"]
[Round "2"]
[White "SkyPilot"]
[Black "MarioDeMonti"]
[Result "1/2-1/2 "]
[ECO "C55"]
[WhiteElo "2466"]
[BlackElo "2485"]
[WhiteEngine "stockfish_x64_bmi2_2018_04_07_CTG"]
[BlackEngine "stockfish_x64_bmi2_2018_02_18_CTG"]
[EventType "Swiss"]
[WhiteTeam ""]
[BlackTeam ""]
[PlyCount "279"]
[TimeControl "420+2"]

1. e4 e5 2. Nf3 Nc6 3. Bc4 Nf6 4. d3 Bc5 5. c3 d6 6. O-O O-O 7. h3 a5 8. Nbd2 h6 
9. Re1 Be6 10. a4 Bxc4 11. Nxc4 Re8 12. Be3 Bxe3 13. Nxe3 b6 14. Qb3 Ne7 
15. g3 Ng6 16. Kg2 c6 17. Rad1 Qd7 18. Rb1 Qc7 19. Qa2 Nf8 20. b4 Ne6 
21. b5 cxb5 22. axb5 a4 23. c4 Nc5 24. Qc2 Nb3 25. Rb2 Qe7 26. Ra2 Ra7 
27. Qd1 Nc5 28. Ng1 Kh7 29. Ne2 Rea8 30. Nc3 a3 31. Nc2 Ne6 32. Qc1 Qb7 
33. Rxa3 Rxa3 34. Nxa3 Nd7 35. Nc2 f5 36. Nd5 Ndc5 37. Ncb4 fxe4 38. dxe4 Rf8 
39. Qd1 Qf7 40. Rf1 Ng5 41. f3 Qd7 42. g4 Qa7 43. Rf2 Ra8 44. Na6 Nxa6 
45. bxa6 Qxa6 46. Nc7 Qa1 47. Qxa1 Rxa1 48. h4 Nf7 49. Rb2 Ra4 50. Rxb6 Rxc4 
51. Ne8 Rd4 52. Rb7 Kg8 53. Rb8 Kh7 54. Rb7 Kg8 55. Rb8 Kh7 56. Nc7 Ra4 
57. Rf8 Nh8 58. Ne6 Ng6 59. Rf7 Nf4+ 60. Nxf4 exf4 61. h5 Kg8 62. Rf5 Kh7 
63. Kh3 g5 64. hxg6+ Kxg6 65. Kh4 Rb4 66. g5 hxg5+ 67. Kg4 Rb1 68. Rxg5+ Kf7 
69. Rh5 Ke6 70. Kxf4 Kf7 71. Rg5 Rb3 72. Rd5 Ke6 73. Ra5 Rc3 74. Rb5 Rc6 
75. Rh5 Kd7 76. Ra5 Rc3 77. Ra1 Ke6 78. Ra5 Ke7 79. Ra6 Rc5 80. Kg3 Ke6 
81. Kf4 Rh5 82. Kg3 Rg5+ 83. Kf2 Rb5 84. Kg3 Rg5+ 85. Kf2 Rb5 86. f4 Rh5 
87. Ra8 Kf7 88. Ra7+ Ke6 89. Kf3 Kf6 90. Ra6 Ke7 91. Ra1 Kf6 92. Ke3 Rh4 
93. Ra7 Rh1 94. Ra6 Re1+ 95. Kf3 Rf1+ 96. Kg3 Rg1+ 97. Kf2 Rd1 98. Rb6 Rd4 
99. Ke3 Rd1 100. Rb5 Rf1 101. Rb8 Rc1 102. Kd3 Rd1+ 103. Ke2 Rg1 104. Kd2 Rg6 
105. Kd3 Rg3+ 106. Ke2 Ke7 107. Rc8 Ke6 108. Kf2 Rg4 109. Ke3 Kd7 110. Rc2 Ke6 
111. Rc4 Kd7 112. Rc3 Ke6 113. Rc8 Rg1 114. Re8+ Kf7 115. Rh8 Rb1 116. Rh4 Ke7 
117. Kf3 Rg1 118. Rh7+ Kf6 119. Rh6+ Ke7 120. Rh7+ Ke8 121. f5 Rb1 122. Kf4 Rb4 
123. Rh8+ Ke7 124. Ke3 Rb3+ 125. Kd4 Rb5 126. Kc4 Re5 127. Rh7+ Ke8 
128. Rh8+ Ke7 129. Kd4 Kf7 130. Rh4 Kf8 131. Rh7 Ke8 132. Rh6 Ke7 133. Rg6 Kd7 
134. Rg3 Re7 135. Rg6 Re5 136. Rg5 Ke8 137. Rg1 Ke7 138. Rg7+ Kd8 139. Rh7 Ke8 
140. Rh2 1/2-1/2

[Event "Sunday 22 April 2nd Tour 7+2 rounds 9 Starts 2200ST"]
[Site "Infinity Chess"]
[Date "2018.4.22"]
[Round "2"]
[White "star99"]
[Black "ocirema"]
[Result "1/2-1/2"]
[ECO "C25"]
[WhiteElo "2499"]
[BlackElo "2496"]
[WhiteEngine "Cryptic Heroes 9.4B"]
[BlackEngine "stockfish_18041820_x64_modern_CTG"]
[EventType "Swiss"]
[WhiteTeam ""]
[BlackTeam ""]
[PlyCount "193"]
[TimeControl "420+2"]

1. e4 e5 2. Nc3 Nc6 3. Nf3 Nf6 4. h3 Bb4 5. Bb5 O-O 6. O-O Bxc3 7. dxc3 d6 
8. Re1 Ne7 9. a4 a5 10. Nd2 Be6 11. Nf1 Nd7 12. Ng3 b6 13. b3 f5 14. f4 fxe4 
15. Nxe4 h6 16. Ng3 Rf7 17. Qe2 Bd5 18. Rf1 Rc8 19. Bd2 exf4 20. Bxf4 Ng6 
21. Be3 Nde5 22. Qd2 Be6 23. Rxf7 Nxf7 24. Rf1 Qe7 25. Nf5 Bxf5 26. Rxf5 Kh8 
27. Qd4 Nfe5 28. Rf1 Rf8 29. Rxf8+ Nxf8 30. Qe4 Nfd7 31. Bf2 c6 32. Bd3 Kg8 
33. b4 Qg5 34. Kh1 Qe7 35. Qe1 Kf7 36. Be2 Qf6 37. Kh2 Qe6 38. Qd2 Kg8 
39. Kg1 Kh7 40. bxa5 bxa5 41. c4 Qg6 42. Qxa5 Qxc2 43. Bf1 c5 44. Bg3 Qb3 
45. Bf4 Qd1 46. Qd2 Qxa4 47. Qxd6 Qa3 48. Qd2 Kh8 49. Qf2 Qc3 50. Bd2 Qc2 
51. Qe1 Qf5 52. Be3 Qe4 53. Qd2 Kh7 54. Bf2 Kg8 55. Qa5 Kh7 56. Qa7 Qc6 
57. Qa3 Qd6 58. Qe3 g6 59. Be1 Qd4 60. Qxd4 cxd4 61. Bf2 Nc6 62. g3 Nce5 
63. Kg2 d3 64. c5 d2 65. Be2 Kg7 66. Bd1 Kf7 67. c6 Nxc6 68. Be3 g5 69. Bxd2 Ke6 
70. Bb3+ Ke5 71. Bc3+ Nd4 72. Bc2 Kd5 73. Bg6 Nf6 74. Bf7+ Ke4 75. Bg6+ Kd5 
76. Bb2 Nd7 77. Bf7+ Ke4 78. Bg6+ Kd5 79. g4 Ne5 80. Be8 Ne6 81. Kg3 Nf4 
82. Ba3 Ke4 83. Bb4 Ne2+ 84. Kh2 Nd4 85. Bd6 Kf4 86. Bb8 Ndf3+ 87. Kg2 Ne1+ 
88. Kf1 N1d3 89. Bg6 Kf3 90. Bf5 Nc6 91. Bd6 Nf4 92. Bf8 Nxh3 93. Bc5 Ne5 
94. Bf8 Nxg4 95. Bxg4+ Kxg4 96. Bxh6 Kg3 97. Bxg5 1/2-1/2

[Event "Sunday 22 April 2nd Tour 7+2 rounds 9 Starts 2200ST"]
[Site "Infinity Chess"]
[Date "2018.4.22"]
[Round "2"]
[White "Seliga"]
[Black "TAIPAN54"]
[Result "0-1"]
[ECO "C55"]
[WhiteElo "2526"]
[BlackElo "2535"]
[WhiteEngine "AsmFish A12_CTG"]
[BlackEngine "Raubfisch ME262_GTZ17b1_CTG"]
[EventType "Swiss"]
[WhiteTeam ""]
[BlackTeam ""]
[PlyCount "238"]
[TimeControl "420+2"]

1. e4 e5 2. Nf3 Nc6 3. Bc4 Nf6 4. d3 Bc5 5. O-O O-O 6. c3 d6 7. a4 a6 
8. Nbd2 Ba7 9. h3 Ne7 10. Re1 Ng6 11. b4 h6 12. d4 Re8 13. b5 Bd7 14. Bd3 Nf4 
15. Bf1 Qc8 16. Bb2 N6h5 17. Kh2 Nf6 18. Qb3 N6h5 19. Qc2 Ng6 20. g3 Nf6 
21. Rad1 Bb6 22. Nc4 Ba7 23. Rc1 Qb8 24. Ba3 axb5 25. axb5 Qd8 26. Bb2 Bb8 
27. Ncd2 c6 28. c4 h5 29. Kg1 h4 30. g4 Ba7 31. c5 dxc5 32. dxe5 Nh7 
33. Qc3 Nhf8 34. bxc6 Bxc6 35. Nc4 b5 36. Nd6 Qb6 37. Ra1 Reb8 38. Nxf7 c4 
39. Rxa7 Rxa7 40. N7g5 Be8 41. Nd4 Bf7 42. Rb1 b4 43. Qe1 Qc7 44. Bc1 Rab7 
45. e6 Be8 46. e7 Nxe7 47. Be3 Neg6 48. Be2 Ne5 49. f4 Nf7 50. Ngf3 c3 
51. Bd1 Ra7 52. e5 Ba4 53. e6 Nd8 54. e7 Qxe7 55. Nf5 Qc7 56. Ra1 b3 
57. Bxa7 Qxa7+ 58. Kg2 c2 59. Bxc2 Nde6 60. Bb1 Nxf4+ 61. Kh1 N8e6 62. N5xh4 b2 
63. Ra2 Rd8 64. Ng6 Qb7 65. Qe4 Bc6 66. Qxc6 Rd1+ 67. Kh2 Qxc6 68. Ne7+ Kh8 
69. Nxc6 Rxb1 70. Nd2 Rc1 71. Rxb2 Rxc6 72. Nf3 Rc3 73. Rf2 Kh7 74. h4 Re3 
75. Ng1 Nd3 76. Rf3 Ne5 77. Rxe3 Nxg4+ 78. Kg3 Nxe3 79. Kf3 Nf5 80. Kg4 Nh6+ 
81. Kh3 Nd4 82. h5 Ng8 83. Kg3 Nf6 84. Kf4 Nxh5+ 85. Ke5 Nc6+ 86. Kf5 g6+ 
87. Ke6 Nd4+ 88. Kd5 Nf5 89. Nh3 Nh6 90. Kd6 Kg7 91. Ke7 Nf7 92. Ke6 Kf8 
93. Kd7 Ng7 94. Nf2 g5 95. Ng4 Nh5 96. Ke6 Kg7 97. Kf5 Ng3+ 98. Ke6 Kg6 
99. Ne3 Nh5 100. Ke7 Nf4 101. Ke8 Nh6 102. Kf8 Nh5 103. Ke8 Kf6 104. Kd7 Ke5 
105. Kc6 Ke4 106. Nd1 Kf3 107. Nb2 g4 108. Nc4 g3 109. Kb5 g2 110. Nd2+ Kf4 
111. Nb1 g1=Q 112. Nc3 Ke5 113. Ne2 Qf1 114. Ka4 Qxe2 115. Kb4 Nf5 116. Kc5 Nd6 
117. Kb4 Qb2+ 118. Ka4 Nf4 119. Ka5 Qb5# 0-1

[Event "Sunday 22 April 2nd Tour 7+2 rounds 9 Starts 2200ST"]
[Site "Infinity Chess"]
[Date "2018.4.22"]
[Round "2"]
[White "Deep_Impact"]
[Black "Murx"]
[Result "1/2-1/2"]
[ECO "C50"]
[WhiteElo "2548"]
[BlackElo "2567"]
[WhiteEngine "BrainFish_180411_x64_bmi2"]
[BlackEngine "asmFishW_2018-04-07_popcnt"]
[EventType "Swiss"]
[WhiteTeam ""]
[BlackTeam ""]
[PlyCount "131"]
[TimeControl "420+2"]

1. e4 e5 2. Nf3 Nc6 3. Bc4 Bc5 4. O-O Nf6 5. d3 d6 6. c3 a5 7. Bg5 O-O 
8. Nbd2 h6 9. Bh4 Ba7 10. Re1 g5 11. Bg3 Nh7 12. h3 g4 13. hxg4 Bxg4 14. Kh1 Qf6 
15. Nf1 Ng5 16. N1h2 Bh5 17. Bh4 Kg7 18. Qd2 Qf4 19. Qxf4 exf4 20. d4 f6 
21. Ng1 Ne7 22. f3 Be8 23. Bd3 Ng6 24. Bf2 b5 25. Nf1 a4 26. Ne2 h5 27. b3 Bb6 
28. Nd2 h4 29. Reb1 a3 30. Bg1 Bd7 31. Bh2 h3 32. Nxf4 Nh4 33. g3 Nhxf3 
34. Nxf3 Nxf3 35. Rf1 Bg4 36. Bg1 Nxg1 37. Rxg1 b4 38. Rac1 bxc3 39. Rxc3 Bxd4 
40. Rxc7+ Kh6 41. Rf1 Rfc8 42. Rcc1 Rxc1 43. Rxc1 Be3 44. Rc6 Kg5 45. Kh2 Bxf4 
46. gxf4+ Kxf4 47. Rxd6 Ke5 48. Rd5+ Kf4 49. Rd6 Rf8 50. b4 Ke5 51. Rd5+ Kf4 
52. Rd6 Bf3 53. b5 Bxe4 54. Bxe4 Kxe4 55. b6 f5 56. Kxh3 f4 57. Kg2 f3+ 
58. Kf1 Rh8 59. Re6+ Kd5 60. Re3 Kc5 61. b7 Kc6 62. b8=Q Rxb8 63. Rxa3 Rf8 
64. Kf2 Kb6 65. Rb3+ Kc5 66. a3 1/2-1/2

[Event "Sunday 22 April 2nd Tour 7+2 rounds 9 Starts 2200ST"]
[Site "Infinity Chess"]
[Date "2018.4.22"]
[Round "1"]
[White "ocirema"]
[Black "MedusaV3"]
[Result "1/2-1/2"]
[ECO "C55"]
[WhiteElo "2500"]
[BlackElo "2407"]
[WhiteEngine "stockfish_18041820_x64_modern_CTG"]
[BlackEngine "Eman 1.70-beta23 64-bit BMI2_CTG"]
[EventType "Swiss"]
[WhiteTeam ""]
[BlackTeam ""]
[PlyCount "139"]
[TimeControl "420+2"]

1. e4 e5 2. Nf3 Nc6 3. Bc4 Nf6 4. d3 Bc5 5. c3 d6 6. O-O a5 7. Re1 O-O 
8. Nbd2 h6 9. h3 a4 10. Bb5 Bd7 11. Nf1 Qb8 12. Nh4 Qd8 13. Nf3 Ne7 
14. Bxd7 Qxd7 15. Ng3 Bb6 16. d4 exd4 17. cxd4 Qb5 18. Bd2 Qxb2 19. Qe2 Ba5 
20. Reb1 Qc2 21. Rc1 Qb2 22. Bxa5 Qxe2 23. Nxe2 Rxa5 24. Rxc7 Re8 25. Re1 Nxe4 
26. Nf4 Nd5 27. Nxd5 Rxd5 28. Rxb7 Kf8 29. Re3 g5 30. g3 f5 31. Re2 Re7 
32. Rb4 Ra5 33. Kg2 Kf7 34. Rb6 a3 35. Rc2 Ra4 36. Rb8 Raa7 37. Nd2 Rab7 
38. Rxb7 Rxb7 39. Nc4 Ke6 40. Nxa3 Rb4 41. Re2 Kf6 42. d5 h5 43. Rc2 Ke5 
44. f3 Nc5 45. Nc4+ Kxd5 46. Ne3+ Ke6 47. Re2 Rb7 48. Nc4+ Kd5 49. Ne3+ Ke6 
50. Nd1+ Kf6 51. Rd2 Ke5 52. Re2+ Kf6 53. Rd2 Ke7 54. Re2+ Ne6 55. a4 Ra7 
56. Nc3 Ra5 57. Rd2 Kd7 58. Nd5 f4 59. Nb6+ Kc6 60. Rxd6+ Kxd6 61. Nc4+ Kc5 
62. Nxa5 Kb4 63. Nb7 Kxa4 64. Nd6 fxg3 65. Kxg3 Kb3 66. h4 gxh4+ 67. Kxh4 Ng7 
68. Ne4 Kc4 69. f4 Kd5 70. Ng3 1/2-1/2

[Event "Sunday 22 April 2nd Tour 7+2 rounds 9 Starts 2200ST"]
[Site "Infinity Chess"]
[Date "2018.4.22"]
[Round "1"]
[White "Dovahkiin"]
[Black "Seliga"]
[Result "1/2-1/2"]
[ECO "C50"]
[WhiteElo "2424"]
[BlackElo "2530"]
[WhiteEngine "BrainFish_180418_x64_modern_CTG"]
[BlackEngine "AsmFish A12_CTG"]
[EventType "Swiss"]
[WhiteTeam ""]
[BlackTeam ""]
[PlyCount "121"]
[TimeControl "420+2"]

1. e4 e5 2. Nf3 Nc6 3. Bc4 Bc5 4. O-O Nf6 5. d3 a5 6. c3 d6 7. a4 h6 8. h3 O-O 
9. Re1 Be6 10. Nbd2 Ba7 11. Ra2 Bxc4 12. Nxc4 Re8 13. Be3 Bxe3 14. Nxe3 Qd7 
15. Ra1 Ne7 16. Nh2 Qe6 17. Qc2 c6 18. Nhg4 Nd7 19. Rad1 d5 20. d4 exd4 
21. exd5 Nxd5 22. Nxd5 Qxd5 23. Rxe8+ Rxe8 24. Rxd4 Qe6 25. b4 axb4 26. cxb4 h5 
27. Ne3 Nf6 28. a5 g6 29. Qc3 Qe5 30. Rc4 Qxc3 31. Rxc3 Kg7 32. Rb3 Re5 
33. Nc4 Rd5 34. Kf1 Nd7 35. Ke2 Nf8 36. Ne3 Re5 37. Kd3 Ne6 38. Rb2 Kf8 
39. Ra2 Nc7 40. Rb2 Ke7 41. Kd4 f6 42. Kc4 Nb5 43. Rd2 Ke6 44. Rd8 Nd6+ 
45. Kb3 Re4 46. Nd1 Rf4 47. f3 Rd4 48. Nc3 Rd2 49. b5 cxb5 50. Nxb5 h4 
51. Rxd6+ Rxd6 52. Nxd6 Kxd6 53. Kc4 Kc6 54. Kb4 g5 55. Kc4 f5 56. Kb4 f4 
57. Kc4 Kd6 58. Kd4 Kc6 59. Kc4 Kd6 60. Kd4 Kc6 61. Kc4 1/2-1/2

[Event "Sunday 22 April 2nd Tour 7+2 rounds 9 Starts 2200ST"]
[Site "Infinity Chess"]
[Date "2018.4.22"]
[Round "1"]
[White "TAIPAN54"]
[Black "SkyPilot"]
[Result "1/2-1/2"]
[ECO "E73"]
[WhiteElo "2538"]
[BlackElo "2463"]
[WhiteEngine "Raubfisch ME262_GTZ17b1_CTG"]
[BlackEngine "stockfish_x64_bmi2_2018_04_07_CTG"]
[EventType "Swiss"]
[WhiteTeam ""]
[BlackTeam ""]
[PlyCount "95"]
[TimeControl "420+2"]

1. d4 Nf6 2. c4 g6 3. Nc3 Bg7 4. e4 d6 5. Be2 O-O 6. Nf3 e5 7. O-O Nc6 8. d5 Ne7 
9. Ne1 Nd7 10. f3 f5 11. Nd3 f4 12. Bd2 Nf6 13. Be1 g5 14. c5 Ng6 15. b4 h5 
16. Nf2 Rf7 17. a4 Kh8 18. Kh1 Bf8 19. c6 bxc6 20. dxc6 Bh6 21. Nd5 Nxd5 
22. Qxd5 Rg7 23. b5 Ne7 24. Qd1 Be6 25. Rb1 Ng8 26. g4 fxg3 27. hxg3 Nf6 
28. g4 Rh7 29. Kg1 Qg8 30. Kg2 hxg4 31. fxg4 d5 32. Nd3 Bg7 33. Nxe5 Qe8 
34. Bf2 Rd8 35. Bxa7 Kg8 36. Bd4 Rh4 37. Rh1 Rxh1 38. Kxh1 Nxe4 39. Kg2 Qf8 
40. Nd7 Qf4 41. Rb3 Bxd4 42. Qxd4 Bxg4 43. Bxg4 Qxg4+ 44. Kh2 Qe2+ 45. Kg1 Qg4+ 
46. Kh2 Qf4+ 47. Kg2 Qg4+ 48. Kh2 1/2-1/2

[Event "Sunday 22 April 2nd Tour 7+2 rounds 9 Starts 2200ST"]
[Site "Infinity Chess"]
[Date "2018.4.22"]
[Round "1"]
[White "MarioDeMonti"]
[Black "Deep_Impact"]
[Result "1/2-1/2"]
[ECO "C53"]
[WhiteElo "2482"]
[BlackElo "2551"]
[WhiteEngine "stockfish_x64_bmi2_2018_02_18_CTG"]
[BlackEngine "BrainFish_180411_x64_bmi2"]
[EventType "Swiss"]
[WhiteTeam ""]
[BlackTeam ""]
[PlyCount "89"]
[TimeControl "420+2"]

1. e4 e5 2. Nf3 Nc6 3. Bc4 Bc5 4. c3 Nf6 5. d3 d6 6. O-O a5 7. Re1 Ba7 
8. Nbd2 O-O 9. h3 Be6 10. Bb5 Ne7 11. d4 Ng6 12. Ba4 Nh5 13. Nf1 exd4 
14. Nxd4 Nhf4 15. Ng3 Bxd4 16. cxd4 d5 17. Qf3 Qh4 18. Bc2 c6 19. Bxf4 Qxf4 
20. Qxf4 Nxf4 21. e5 f5 22. h4 Rac8 23. Rad1 Rc7 24. Rd2 c5 25. dxc5 Rxc5 
26. Bd1 Rd8 27. Nf1 Ng6 28. h5 Ne7 29. f4 d4 30. a3 b5 31. Be2 a4 32. h6 Bc4 
33. hxg7 Bxe2 34. Rexe2 Kxg7 35. Rd3 Kf7 36. Rd1 b4 37. Red2 bxa3 38. bxa3 Rc3 
39. Rxd4 Rxd4 40. Rxd4 Rxa3 41. Kf2 Ra2+ 42. Kf3 Ra3+ 43. Kf2 Ra2+ 44. Kf3 Ra3+ 
45. Kf2 1/2-1/2

[Event "Sunday 22 April 2nd Tour 7+2 rounds 9 Starts 2200ST"]
[Site "Infinity Chess"]
[Date "2018.4.22"]
[Round "1"]
[White "Murx"]
[Black "star99"]
[Result "1/2-1/2"]
[ECO "C55"]
[WhiteElo "2570"]
[BlackElo "2496"]
[WhiteEngine "asmFishW_2018-04-07_popcnt"]
[BlackEngine "Cryptic Heroes 9.4B"]
[EventType "Swiss"]
[WhiteTeam ""]
[BlackTeam ""]
[PlyCount "166"]
[TimeControl "420+2"]

1. e4 e5 2. Nf3 Nc6 3. Bc4 Nf6 4. d3 Be7 5. O-O d6 6. c3 O-O 7. a4 h6 8. h3 Be6 
9. Bxe6 fxe6 10. b4 a6 11. Nbd2 Qe8 12. Nc4 Nd7 13. Ne3 Qg6 14. Qe2 Rf7 
15. Ng4 Raf8 16. Kh1 Nf6 17. Nh4 Qh7 18. Nxf6+ Rxf6 19. Be3 d5 20. b5 Nb8 
21. Nf3 Bd6 22. bxa6 bxa6 23. Nd2 Qg6 24. f3 Nd7 25. Rab1 Qe8 26. Bg1 R6f7 
27. a5 Qa8 28. Bh2 Qc6 29. exd5 exd5 30. c4 d4 31. Ne4 Be7 32. Bg3 Rf5 
33. Rb2 Bg5 34. Rfb1 Be3 35. Be1 Qe6 36. Kh2 Nf6 37. Bf2 Bxf2 38. Nxf2 Qe7 
39. Qe1 Nh5 40. Ne4 Nf4 41. Qd1 Kh7 42. Qf1 Qa3 43. Rb7 R5f7 44. Qd1 Qa2 
45. R7b2 Qa3 46. Rb3 Qe7 47. R1b2 Qd7 48. Nc5 Qd6 49. Ne4 Qe6 50. Rf2 Kg8 
51. Qd2 Qc6 52. Rf1 Qd7 53. Rfb1 Qe7 54. R3b2 Qh4 55. Rb8 Qe7 56. R8b2 Qh4 
57. Rb8 Kh7 58. Qf2 Qe7 59. R8b3 Rf5 60. R1b2 R5f7 61. Qf1 Qd7 62. Ra2 Qc6 
63. Rb1 Ng6 64. Rbb2 Nh4 65. Qe1 Ng6 66. Qb4 Nf4 67. Qd2 Kg8 68. Rb1 Qg6 
69. Qc2 Qe6 70. Rb7 Ng6 71. Rab2 Kh7 72. Rb1 Nh4 73. Rf1 Qc6 74. Rbb1 Ng6 
75. Rb3 Nf4 76. Rb2 Rf5 77. Rd1 Qe6 78. Qf2 Rh5 79. Qf1 Re8 80. Ng3 Rg5 
81. Ne4 Rh5 82. Nf2 Rf8 83. Ne4 Re8 1/2-1/2

[Event "Sunday 22 April Rapid Engine Tour 12+1 Rounds 9 Starts 1600ST"]
[Site "Infinity Chess"]
[Date "2018.4.22"]
[Round "9"]
[White "ocirema"]
[Black "hafaba"]
[Result "1/2-1/2 "]
[ECO "B23"]
[WhiteElo "2422"]
[BlackElo "2438"]
[WhiteEngine "stockfish_18041820_x64_modern_CTG"]
[BlackEngine "Eman 1.70-beta21 64-bit POPCNT_CTG"]
[EventType "Swiss"]
[WhiteTeam ""]
[BlackTeam ""]
[PlyCount "226"]
[TimeControl "720+1"]

1. e4 c5 2. Nc3 Nc6 3. Nf3 e6 4. d4 cxd4 5. Nxd4 Qc7 6. f4 a6 7. Be2 b5 
8. Nxc6 Qxc6 9. Bf3 Bb7 10. Be3 Rc8 11. Qd3 Qc4 12. a3 Nf6 13. Bd4 b4 
14. axb4 Bxb4 15. O-O O-O 16. Qe3 d6 17. e5 dxe5 18. fxe5 Bxc3 19. bxc3 Nd5 
20. Qf2 Rc7 21. Rab1 Qc6 22. Be4 a5 23. Bb6 Rd7 24. Bxa5 h6 25. Bb4 Rc8 
26. Rfe1 Qc4 27. Bd3 Qc6 28. h3 Ba6 29. Be4 Bc4 30. Rbd1 Qc7 31. Rd4 Qb6 
32. Red1 Qb8 33. Qe1 Ra7 34. Bd6 Qb6 35. Rb1 Qa6 36. Bb4 Qb6 37. Kh2 Qd8 
38. Qf2 Rd7 39. Ra1 Qg5 40. Qg3 Be2 41. Qxg5 hxg5 42. Kg3 f6 43. Rxd5 exd5 
44. Bf5 Rdc7 45. Bxc8 Rxc8 46. e6 Bb5 47. Kf2 Re8 48. e7 Kf7 49. Ke3 Rc8 
50. Kd4 Bc6 51. Rb1 Ba8 52. Bc5 Rh8 53. Rb6 Rh4+ 54. Ke3 Rh8 55. Kd4 Rh4+ 
56. Kd3 Rh8 57. Ra6 Rc8 58. Bb4 Bc6 59. Kd4 Bb7 60. Rd6 Ke8 61. g3 Bc6 
62. Re6 Kf7 63. Re3 Ba8 64. Bc5 Bb7 65. c4 dxc4 66. Kxc4 Bg2 67. g4 Ra8 
68. Kd4 Bf1 69. c4 Ke8 70. Bd6 Ra6 71. c5 Bg2 72. Rb3 Ra8 73. Ke3 Kd7 
74. Kd2 Ke8 75. Ke3 Kd7 76. Ke2 Bd5 77. Rb4 Ra2+ 78. Ke3 Ra8 79. Kd4 Bg2 
80. Rb1 Ra4+ 81. Kc3 Ra3+ 82. Kd2 Ra2+ 83. Kc1 Ra8 84. Kb2 Be4 85. Re1 Bf3 
86. Re3 Bd5 87. Re1 Ke8 88. Kc3 Bc6 89. Re2 Ra3+ 90. Kc4 Ra1 91. Kc3 Ra7 
92. Kc4 Ra3 93. Kd4 Ra8 94. Rb2 Ra4+ 95. Kd3 Ra3+ 96. Kd2 Ra8 97. Rb6 Kd7 
98. Ke3 Bg2 99. Rb1 Ke8 100. Rb2 Bd5 101. Kd3 Kd7 102. Rb4 Bc6 103. Rb3 Bd5 
104. Rb6 Rc8 105. Kc3 Bc6 106. Kc4 Ra8 107. Rb2 Ke8 108. Kb3 Bd5+ 109. Kc3 Bc6 
110. Kb4 Ra4+ 111. Kc3 Ra3+ 112. Kd2 Ra8 113. Kd3 Ra3+ 1/2-1/2

[Event "Sunday 22 April Rapid Engine Tour 12+1 Rounds 9 Starts 1600ST"]
[Site "Infinity Chess"]
[Date "2018.4.22"]
[Round "9"]
[White "Seliga"]
[Black "Dovahkiin"]
[Result "1-0"]
[ECO "C50"]
[WhiteElo "2452"]
[BlackElo "2371"]
[WhiteEngine "AsmFish A12_CTG"]
[BlackEngine "BrainFish_180418_x64_modern_CTG"]
[EventType "Swiss"]
[WhiteTeam ""]
[BlackTeam ""]
[PlyCount "123"]
[TimeControl "720+1"]

1. e4 e5 2. Nf3 Nc6 3. Bc4 Bc5 4. d3 Nf6 5. O-O d6 6. c3 O-O 7. a4 a5 8. Re1 h6 
9. Nbd2 Be6 10. h3 Bxc4 11. dxc4 Qd7 12. b3 Nd8 13. Nf1 Ne6 14. Ng3 Qc6 
15. Nh4 Kh7 16. Nhf5 Ng8 17. Qd2 Qb6 18. Rb1 g6 19. Nh4 Rfd8 20. Nf1 Kg7 
21. Nf3 Qc6 22. Qc2 Bb6 23. Ne3 Bxe3 24. Bxe3 b6 25. Kh2 Rf8 26. Nh4 Nf6 
27. f3 Rh8 28. Rf1 Qd7 29. Qd2 Nc5 30. g3 Ne6 31. Rbd1 Rad8 32. Kg2 Nc5 
33. Qc2 Ne6 34. Qd2 Rdf8 35. Kh2 Qe7 36. Ng2 Qd7 37. h4 Rd8 38. Qc2 Ra8 
39. Bc1 Nc5 40. Ne3 h5 41. Rf2 Rhe8 42. b4 Nxa4 43. Rdf1 b5 44. g4 bxc4 
45. g5 Ng8 46. Nxc4 axb4 47. cxb4 d5 48. Ne3 d4 49. Nd5 Ra7 50. f4 Qg4 
51. Rg2 Qxh4+ 52. Kg1 Nb6 53. Qc5 Nxd5 54. Qxd5 c6 55. Qxc6 Ree7 56. f5 Kh7 
57. f6 Rec7 58. Qd6 Rc8 59. Qxe5 Qh3 60. Bf4 Rd8 61. Bd2 Qd3 62. Qf4 1-0